 Dungeon Crawl Stone Soup version 0.28.0-43-g3370ac3207 (webtiles) character file.

Game seed: 11528194439854278898

40 crimpus the Skirmisher (level 3, -3/31 HPs)
             Began as a Demigod Fighter on Mar 13, 2022.
             Slain by a goblin
             ... wielding a +0 club
             ... led by Robin
              (6 damage)
             ... on level 2 of the Dungeon.
             The game lasted 00:01:03 (1446 turns).

crimpus the Skirmisher (Demigod Fighter)            Turns: 1446, Time: 00:01:04

Health: -3/31      AC:  6    Str: 21    XL:     3   Next: 14%
Magic:  5/5        EV:  9    Int: 10    God:
Gold:   119        SH:  4    Dex: 13    Spells: 2/2 levels left

rFire   . . .      SeeInvis .   a - +0 flail
rCold   . . .      Faith    .   c - +0 buckler
rNeg    . . .      Spirit   .   b - +0 scale mail
rPois   .          Reflect  .   (no helmet)
rElec   .          Harm     .   (no cloak)
rCorr   .          Rampage  .   (no gloves)
Will    .....                   (no boots)
Stlth   ..........              (no amulet)
HPRegen 0.10/turn               (no ring)
MPRegen 0.09/turn               (no ring)

@: no status effects
A: high MP 1, forlorn, divine attributes
a: no special abilities


You were on level 2 of the Dungeon.
You visited 1 branch of the dungeon, and saw 2 of its levels.

You collected 119 gold pieces.

Inventory:

Hand Weapons
 a - a +0 flail (weapon)
Armour
 b - a +0 scale mail (worn)
 c - a +0 buckler (worn)
Scrolls
 e - 2 scrolls of vulnerability {unknown}
 f - a scroll of enchant weapon {unknown}
 g - a scroll of fog {unknown}
 h - 2 scrolls of teleportation {unknown}
 i - a scroll of amnesia {unknown}
 j - a scroll of fear {unknown}
 k - a scroll of silence {unknown}
Potions
 d - a potion of might
 l - a potion of flight {unknown}
 m - a potion of ambrosia {unknown}


   Skills:
 + Level 3.0 Fighting
 + Level 2.6 Maces & Flails
 + Level 3.0 Armour
 + Level 2.9 Shields


You had 2 spell levels left.
You didn't know any spells.
Your spell library contained the following spells:

 Spells                   Type           Power      Damage    Failure   Level
 Gell's Gravitas          Tloc           0%         N/A       99%         3
 Lesser Beckoning         Tloc           0%         N/A       99%         3
 Teleport Other           Tloc           0%         N/A       99%         3


Dungeon Overview and Level Annotations

Branches:
Dungeon (2/15)

Annotations:
D:2 1 runed translucent door, Crazy Yiuf, Robin


Innate Abilities, Weirdness & Mutations

You have an increased reservoir of magic. (+10% MP)
You shall have no god before yourself.
Your divine heritage dramatically boosts your attributes as you level up.


Message History

The goblin closely misses you.
Robin roars a battlecry!
The goblin goes into a battle-frenzy!
The goblin hits you with a +0 dagger. The goblin hits you but does no damage.
You completely miss the goblin. The hobgoblin misses you.
The goblin hits you but does no damage. You block the goblin's attack.
The goblin hits you but does no damage. The goblin barely misses you.
The goblin hits you but does no damage. Robin throws the goblin at you!
You closely miss the adder. The adder bites you but does no damage.
The goblin completely misses you. The goblin hits you but does no damage.
You block the hobgoblin's attack. The goblin completely misses you.
An endoplasm comes into view.
The goblin hits you with a +0 club. The goblin hits you but does no damage.
The adder closely misses you. The goblin hits you but does no damage.
The goblin hits you with a +0 club.
You miss the adder.
The endoplasm quivers.
The adder bites you but does no damage. The hobgoblin closely misses you.
You block the goblin's attack. The goblin hits you with a +0 club.
The goblin hits you but does no damage. x2; The goblin barely misses you.
The goblin hits you with a +0 club.
You barely miss the adder. The adder bites you but does no damage.
The goblin closely misses you. The hobgoblin hits you.
The goblin closely misses you. The goblin hits you but does no damage.
You block the goblin's attack. x2; The goblin hits you with a +0 club.
The adder closely misses you. You block the hobgoblin's attack.
The goblin hits you but does no damage. The goblin barely misses you.
You are too injured to fight recklessly!
You hit the goblin but do no damage. The adder bites you but does no damage.
The goblin closely misses you. x2; The goblin hits you with a +0 dagger.
* * * LOW HITPOINT WARNING * * *
The goblin barely misses you. The hobgoblin hits you.
* * * LOW HITPOINT WARNING * * *
The goblin hits you with a +0 dagger.
* * * LOW HITPOINT WARNING * * *
The adder barely misses you. The goblin barely misses you. x3
The goblin hits you with a +0 club.
* * * LOW HITPOINT WARNING * * *
The goblin hits you with a +0 club.
You die...

# .. ###. .. .# . ..
.# #. ..# #
#.#.#####. ##..### #
#...... .. ###..J....
###...# #.#
#.gg...... .†....#
#.###gggg.# #.##..###
#....g@gg.#
....<...###..##ggS..#
#.##..._............#
#.##.##.###..########
........# #..#
##.###..###..# ...#
#.#.....#
##.###.##.##.#
...†...###.#.#


You could see Robin, an adder, an endoplasm, a hobgoblin (strong) and 9 goblins.

Vanquished Creatures
  An adder (D:2)
  2 worms (D:2)
  3 dart slugs
  6 endoplasms
  A goblin (D:1)
  A quokka (D:2)
  2 bats (D:1)
  A kobold (D:1)
  3 rats
20 creatures vanquished.

Notes
Turn   | Place    | Note
-------+----------+-------------------------------------------
     0 | D:1      | crimpus the Demigod Fighter began the quest for the Orb.
     0 | D:1      | Reached XP level 1. HP: 18/18 MP: 3/3
   494 | D:1      | Reached XP level 2. HP: 25/25 MP: 4/4
   878 | D:2      | Found a runed translucent door.
   879 | D:2      | Noticed Crazy Yiuf
   955 | D:2      | Reached XP level 3. HP: 24/31 MP: 5/5
  1438 | D:2      | Noticed Robin
  1446 | D:2      | Slain by a goblin

Illustrated notes

Levels and vault maps discovered:
D:1:      lemuel_arrival_lava_pool, layout_basic
D:2:      layout_loops_ring, basic_altar, basic_ecumenical_altar, uniq_robin,
          uniq_crazy_yiuf_cottage, uniq_sigmund

Skill      XL: |  1  2 |
---------------+-------+-----
Maces & Flails | 2 |  2.6
Fighting       | 3 |  3.0
Armour         | 3 |  3.0
Shields        | |  2.9

Action                   || total
-------------------------++-------
Melee: Flail             ||    73
Armor: Scale mail        ||    40
Dodge: Dodged            ||    51
Block: Buckler           ||    16
